 Dungeon Crawl Stone Soup version 0.19-a0-16-g2b77abf (webtiles) character file.

2339 Eucla the Covert (level 9, -3/39 HPs)
             Began as a Spriggan Enchanter on Apr 29, 2016.
             Was a Believer of Pakellas.
             Slain by an ogre
             ... wielding a +0 giant club
              (18 damage)
             ... on level 7 of the Dungeon.
             The game lasted 00:20:16 (9864 turns).

Eucla the Covert (Spriggan Enchanter)               Turns: 9864, Time: 00:20:17

Health: -3/39      AC:  4    Str:  4    XL:     9   Next: 19%
Magic:  14/14      EV: 25    Int: 18    God:    Pakellas [**....]
Gold:   363        SH:  4    Dex: 18    Spells: 4 memorised, 4 levels left

rFire  x . .     SeeInvis +     m - +10 sword of Jihad {holy, *Rage rN+ EV+3 Stlth-}
rCold  + . .     Gourm    .     b - +2 robe
rNeg   + . .     Faith    .     (shield currently unavailable)
rPois  +         Spirit   .     (helmet restricted)
rElec  .         Dismiss  .     (no cloak)
rCorr  .         Reflect  +     (gloves unavailable)
SustAt .         Harm     .     (boots unavailable)
MR     +....     Rnd*Rage +     y - +4 amulet of reflection
Stlth  +++++.....               E - ring of ice
                                F - ring of poison resistance

@: very quick, somewhat resistant to hostile enchantments, quite stealthy
A: unfitting armour, see invisible, herbivore 3, speed 3, slow metabolism 2
a: Quick Charge, Renounce Religion


You were on level 7 of the Dungeon.
You worshipped Pakellas.
Pakellas was pleased with you.
You were not hungry.

You visited 2 branches of the dungeon, and saw 8 of its levels.
You also visited: Sewer.

You collected 363 gold pieces.

Inventory:

Hand Weapons
 a - a +2 dagger
 e - a +0 blowgun
 f - a +0 spear
 m - the +10 sword of Jihad (weapon) {holy, *Rage rN+ EV+3 Stlth-}
   (You found it on level 7 of the Dungeon)

   It has been blessed by the Shining One to cause great damage to the undead
   and demons.
   It affects your evasion (+3).
   It protects you from negative energy.
   It may make you go berserk in combat.
   It makes you less stealthy.
 n - a +2 whip of venom
 v - a +0 rapier
 z - a +4 dagger
 D - the +4 war axe of Turmoil {freeze, rC- Str+4 Dex+5 SInv}
   (You found it on level 6 of the Dungeon)

   It has been specially enchanted to freeze those struck by it, causing extra
   injury to most foes and up to half again as much damage against particularly
   susceptible opponents.
   It can also slow down cold-blooded creatures.
   It affects your strength (+4).
   It affects your dexterity (+5).
   It makes you vulnerable to cold.
   It lets you see invisible.
Missiles
 g - 71 poisoned needles
Armour
 b - a +2 robe (worn)
 x - a +0 buckler
Jewellery
 y - a +4 amulet of reflection (around neck)
 E - a ring of ice (right hand)
 F - a ring of poison resistance (left hand)
Wands
 w - a wand of confusion (28/48)
Scrolls
 h - 2 scrolls of magic mapping
 i - 2 scrolls of blinking
 k - a scroll of vulnerability {unknown}
 r - a scroll of remove curse
 t - 2 scrolls of fear
 A - a scroll of enchant armour
 G - a scroll of identify
Potions
 j - 2 potions of brilliance {unknown}
 l - a potion of degeneration {unknown}
 o - 5 potions of agility
 p - 2 potions of might
 q - 2 potions of heal wounds {unknown}
 s - 2 potions of flight {unknown}
 u - a potion of curing
Books
 c - a book of Maledictions

   Spells                             Type                      Level
   a - Corona                         Hexes                        1
   b - Ensorcelled Hibernation        Hexes/Ice                    2
   c - Confuse                        Hexes                        3
   d - Tukima's Dance                 Hexes                        3
   e - Dazzling Spray                 Conjuration/Hexes            3
Miscellaneous
 B - a box of beasts
Comestibles
 d - 2 bread rations


   Skills:
 + Level 6.1 Short Blades
 + Level 6.3 Dodging
 * Level 11.5 Stealth
 - Level 2.6 Spellcasting
 - Level 8.5 Hexes
 + Level 4.8 Evocations


You had 4 spell levels left.
You knew the following spells:

 Your Spells              Type           Power        Failure   Level  Hunger
a - Corona                Hex            ####...      1%          1    #......
b - Ensorcelled Hibernat  Hex/Ice        ####..       6%          2    ##.....
c - Confuse               Hex            ####....     1%          3    ###....
d - Tukima's Dance        Hex            ####....     1%          3    ###....


Dungeon Overview and Level Annotations

Branches:
Dungeon (7/15)             Temple (1/1) D:4

Altars:
Ashenzari
Cheibriados
Dithmenos
Elyvilon
Fedhas
Kikubaaqudgha
Makhleb
Nemelex Xobeh
Okawaru
Pakellas
Qazlal
Ru
Sif Muna
Trog
Vehumet
Xom
Yredelemnul
Zin
The Shining One

Shops:
D:4 =   D:7 *

Annotations:
D:4 Crazy Yiuf


Innate Abilities, Weirdness & Mutations

You are tiny and cannot use many weapons and most armour.
You have supernaturally acute eyesight.
You are a herbivore.
You cover ground extremely quickly.
You need consume almost no food.


Message History

A crimson imp is nearby!
The crimson imp shouts!
The crimson imp completely misses you.
You barely miss the crimson imp. The crimson imp misses you.
You slash the crimson imp!
The crimson imp convulses.
You kill the crimson imp!
Pakellas accepts your kill.
You see here a ring mail.
An ogre comes into view. It is wielding a giant club.
An ogre is nearby!
An ogre is nearby!
The helpless ogre fails to defend itself.
You slash the ogre!
The ogre is heavily wounded.
The ogre hits you with a giant club!!
You hit the ogre.
The ogre is severely wounded.
The ogre hits you with a giant club!!
You die...
Pakellas says: Time to find a new assistant...

.................# #.##
#...#..........#.# #.#
##.##.########.#.# #.#
##.....# #.#.# #.##
.......#######.#.# #...
#.####............ ####
..^.....########.#
#.####.## #O# #.# #.# #@#
#.# #.# #.# ### #.#
#.#########.#######...#
#.#
#................##...###
#.#
###########.............##
#.####.......).. #.#
#§....... ..# #§##...##
### #§##...######


You could see an ogre.

Vanquished Creatures
  Eustachio (D:4)
  The ghost of DrShattered the Insei, an amateur HuMo (D:5)
  The ghost of Arglure the Cudgeler, an amateur GrCK of Xom (D:4)
  A phantom (D:7)
  4 ogres
  A big kobold (Sewer)
  4 giant frogs
  5 scorpions
  7 crimson imps
  2 orc priests
  A hound (D:5)
  A giant frog skeleton (D:7)
  2 iguanas (D:5)
  4 orc wizards
  3 worker ants
  2 hound skeletons
  4 gnolls (D:6)
  2 howler monkey skeletons (D:5)
  9 adders
  5 river rats (Sewer)
  2 shadow imps
  3 oozes
  4 worms
  4 dart slugs
  A giant gecko (D:1)
  14 orcs
  10 ball pythons
  A giant cockroach (D:1)
  11 goblins
  9 hobgoblins
  5 jackals
  A quokka (D:2)
  A ball python skeleton (D:5)
  18 bats
  5 giant newts
  22 kobolds
  A quokka zombie (D:7)
  29 rats
  3 fungi
204 creatures vanquished.

Vanquished Creatures (collateral kills)
  2 orcs (D:4)
2 creatures vanquished.

Vanquished Creatures (others)
  A dancing weapon (D:4)
  3 fungi
4 creatures vanquished.

Grand Total: 210 creatures vanquished

Notes
Turn   | Place    | Note
--------------------------------------------------------------
     0 | D:1      | Eucla the Spriggan Enchanter began the quest for the Orb.
     0 | D:1      | Reached XP level 1. HP: 9/9 MP: 5/5
    60 | D:1      | Found a snail-covered altar of Cheibriados.
    60 | D:1      | Found a bloodstained altar of Trog.
    86 | D:1      | Reached XP level 2. HP: 13/13 MP: 6/6
    90 | D:1      | Learned a level 2 spell: Ensorcelled Hibernation
   315 | D:1      | Reached skill level 5 in Stealth
   315 | D:1      | Reached XP level 3. HP: 14/16 MP: 8/8
   320 | D:1      | Learned a level 3 spell: Confuse
  1491 | D:2      | Reached skill level 5 in Hexes
  1491 | D:2      | Reached XP level 4. HP: 16/21 MP: 2/9
  3147 | D:4      | Reached XP level 5. HP: 24/24 MP: 10/10
  3173 | D:4      | Found a glowing drain.
  3201 | Sewer    | Entered a sewer
  3537 | Sewer    | Reached skill level 6 in Stealth
  3683 | Sewer    | Reached XP level 6. HP: 18/28 MP: 5/11
  4279 | D:4      | Noticed Arglure's ghost (amateur GrCK)
  4301 | D:4      | Killed Arglure's ghost
  4512 | D:4      | Learned a level 3 spell: Tukima's Dance
  4938 | D:4      | Noticed Eustachio
  5161 | D:4      | Found a staircase to the Ecumenical Temple.
  5171 | D:4      | Killed Eustachio
  5171 | D:4      | Reached skill level 7 in Stealth
  5171 | D:4      | Reached XP level 7. HP: 31/32 MP: 8/12
  5195 | Temple   | Entered the Ecumenical Temple
  5294 | Temple   | Became a worshipper of Pakellas the Inventive
  5472 | D:4      | Found Xonoc's Jewellery Shoppe.
  5803 | D:4      | Noticed Crazy Yiuf
  6093 | D:5      | Entered Level 5 of the Dungeon
  6094 | D:5      | Found an ancient bone altar of Kikubaaqudgha.
  6260 | D:5      | Reached skill level 8 in Stealth
  6956 | D:5      | Reached skill level 1 in Evocations
  6956 | D:5      | Reached XP level 8. HP: 36/36 MP: 3/13
  6964 | D:5      | Reached * piety under Pakellas
  6964 | D:5      | Received a gift from Pakellas
  7092 | D:5      | Reached skill level 9 in Stealth
  7276 | D:5      | Noticed DrShattered's ghost (amateur HuMo)
  7302 | D:5      | Killed DrShattered's ghost
  7302 | D:5      | Reached skill level 5 in Short Blades
  7985 | D:6      | Reached skill level 5 in Dodging
  7985 | D:6      | Reached skill level 10 in Stealth
  8380 | D:6      | Got a fine war axe
  8381 | D:6      | Identified the +4 war axe of Turmoil {freeze, rC- Str+4 Dex+5 SInv} (You found it on level 6 of the Dungeon)
  9476 | D:7      | Found Efyguv's Assorted Antiques.
  9649 | D:7      | Reached skill level 11 in Stealth
  9649 | D:7      | Reached XP level 9. HP: 39/39 MP: 14/14
  9692 | D:7      | Reached ** piety under Pakellas
  9692 | D:7      | Received a gift from Pakellas
  9864 | D:7      | Slain by an ogre

Vault maps used:
D:1:      erik_arrival_cave_to_civilisation, serial_forest,
          infiniplex_forest_clump_double, infiniplex_forest_clump_long,
          infiniplex_forest_corner_2, infiniplex_forest_straight_3,
          infiniplex_forest_straight_1, infiniplex_forest_lined_3,
          infiniplex_forest_lined_room_2
D:2:      first_bread
D:4:      minmay_temple_entry_mist, portal_sewer_entry_b, serial_shops,
          nicolae_shop_trees, serial_bayou_pond_c, minmay_misc_feat_rows,
          uniq_eustachio, uniq_crazy_yiuf_cottage
D:5:      old_forge, tgw_kikubaaqudgha
D:6:      water_maze_lemuel
D:7:      serial_shops, shop
Temple:   grunt_circular_temple_18
Sewer:    sewer_minmay_treatment

Skill      XL: |  1  2  3  4  5  6  7  8  9 |
---------------+----------------------------+-----
Hexes          | 4 5 6 7 8 |  8.5
Stealth        | 5 6 7 8 11 | 11.5
Short Blades   | 2 3 4 5 6 |  6.1
Evocations     | 1 4 |  4.8
Dodging        | 5 6 |  6.3
Spellcasting   | |  2.6

Action                   |  1- 3 |  4- 6 |  7- 9 || total
-------------------------+-------+-------+-------++-------
Melee: Dagger            |   273 |   364 |   282 ||   919
       Whip              |       |       |    35 ||    35
       Eudemon blade     |       |       |    39 ||    39
 Cast: Ensorcelled Hiber |     4 |    38 |    10 ||    52
       Confuse           |       |     4 |     1 ||     5
       Tukima's Dance    |       |     4 |       ||     4
Evoke: Wand              |       |       |     6 ||     6
  Use: Scroll            |       |    12 |     5 ||    17
       Potion            |       |     8 |       ||     8
 Stab: Sleeping          |    18 |    40 |    26 ||    84
       Confused          |       |     6 |     6 ||    12
  Eat: Pizza             |       |     1 |       ||     1
       Bread ration      |       |     1 |       ||     1
       Fruit             |       |       |     6 ||     6
Armor: Robe              |    29 |    32 |    36 ||    97
       Skin              |       |    13 |       ||    13
Dodge: Dodged            |   156 |   289 |   192 ||   637
Block: Other             |       |       |     3 ||     3
